 Dungeon Crawl Stone Soup version 0.29.1-1-gd02db69 (webtiles) character file.

Game seed: 16854309424001613856

2120 samcosmo the Covert (level 9, -4/54 HPs)
             Began as a Kobold Enchanter on Apr 5, 2023.
             Was an Initiate of Dithmenos.
             Slain by an ogre
             ... wielding a +0 giant spiked club
              (19 damage)
             ... on level 6 of the Dungeon.
             The game lasted 00:36:09 (9085 turns).

samcosmo the Covert (Kobold Enchanter)              Turns: 9085, Time: 00:36:10

Health: -4/54      AC:  5    Str: 11    XL:     9   Next: 54%
Magic:  10/16      EV: 15    Int: 16    God:    Dithmenos [......]
Gold:   307        SH:  0    Dex: 20    Spells: 7/18 levels left

rFire   . . .      SeeInvis .   s - +2 dagger (drain)
rCold   . . .      Faith    .   (no shield)
rNeg    . . .      Spirit   .   b - +0 robe
rPois   .          Reflect  .   l - +0 helmet
rElec   .          Harm     .   k - scarf {shadows}
rCorr   .          Rampage  .   f - +0 pair of gloves
Will    +....                   h - +0 pair of boots
Stlth   +++++.....              (no amulet)
HPRegen 0.18/turn               q - ring of willpower
MPRegen 0.15/turn               t - +6 ring of strength

@: confusing by touch, studying Necromancy
A: small, no large weapons, nightstalker 3
a: Renounce Religion


You were on level 6 of the Dungeon.
You worshipped Dithmenos.
Dithmenos was noncommittal.
You visited 2 branches of the dungeon, and saw 7 of its levels.
You also visited: Sewer.

You collected 307 gold pieces.

Inventory:

Hand Weapons
 a - a +2 dagger of chaos
 s - a +2 dagger of draining (weapon)
Armour
 b - a +0 robe (worn)
 f - a +0 pair of gloves (worn)
 h - a +0 pair of boots (worn)
 k - a scarf of shadows (worn)
 l - a +0 helmet (worn)
Jewellery
 q - a ring of willpower (left hand)
 t - a +6 ring of strength (right hand)
Wands
 o - a wand of roots (6)
Scrolls
 w - a scroll of butterflies
 x - a scroll of amnesia
 y - 3 scrolls of noise
Potions
 c - 2 potions of invisibility
 d - 4 potions of curing
 e - a potion of degeneration {unknown}
 g - a potion of heal wounds {unknown}
 i - 2 potions of attraction
 j - 2 potions of brilliance
 m - 3 potions of berserk rage {unknown}
 n - 3 potions of haste
 p - 3 potions of flight {unknown}
 r - 2 potions of might {unknown}


   Skills:
 + Level 5.1 Fighting
 + Level 6.4 Short Blades
 - Level 2.4 Dodging
 + Level 8.0 Stealth
 - Level 5.0 Spellcasting
 * Level 7.8 Hexes


You had 7 spell levels left.
You knew the following spells:

 Your Spells              Type           Power      Damage    Failure   Level
a - Ensorcelled Hibernat  Hex/Ice        32%        N/A       4%          2
b - Confusing Touch       Hex            29%        N/A       1%          3
c - Tukima's Dance        Hex            29%        N/A       1%          3
d - Dazzling Flash        Conj/Hex       32%        N/A       9%          3

Your spell library contained the following spells:

 Spells                   Type           Power      Damage    Failure   Level
 Apportation              Tloc           8%         N/A       16%         1
 Beastly Appendage        Tmut           8%         N/A       16%         1
 Blink                    Tloc           8%         N/A       22%         2
 Wereblood                Tmut           4%         N/A       22%         2
 Spider Form              Tmut/Pois      4%         N/A       41%         3
 Alistair's Intoxication  Tmut/Pois      2%         N/A       99%         5
 Manifold Assault         Tloc           4%         N/A       99%         5
 Storm Form               Tmut/Air       2%         N/A       100%        7


Dungeon Overview and Level Annotations

Branches:
Dungeon (6/15)             Temple (1/1) D:5           Sewer (visited)

Altars:
Cheibriados
Dithmenos
Elyvilon
Gozag
Hepliaklqana
Kikubaaqudgha
Makhleb
Nemelex Xobeh
Okawaru
Ru
Sif Muna
Uskayaw
Vehumet
Wu Jian
Yredelemnul
Zin
Lugonu

Portals:
Abyss: D:5

Annotations:
D:6 3 runed translucent doors


Innate Abilities, Weirdness & Mutations

You are small and have problems with some larger weapons.
You are completely attuned to the shadows.


Message History

The helpless white imp fails to defend itself.
You stick the white imp like a pincushion!!!
You kill the white imp!
Dithmenos accepts your kill.
You now have 307 gold pieces (gained 13).
An ogre comes into view. It is wielding a +0 giant spiked club.
The ogre shouts!
Casting: Confusing Touch (safe; 1% risk of failure)
Confirm with . or Enter, or press ? or * to list all spells.
Aiming: Ensorcelled Hibernation (safe; 4% risk of failure)
Press: ? - help, Shift-Dir - straight line, f - ogre
Aim: an ogre, wielding a +0 giant spiked club (chance to affect: 50%)
Okay, then.
Casting: Ensorcelled Hibernation (safe; 4% risk of failure)
Confirm with . or Enter, or press ? or * to list all spells.
Your hands begin to glow red.
You hit the ogre but do no damage.
The ogre hits you with a +0 giant spiked club!
You hit the ogre but do no damage. You hit the ogre but do no damage.
You hit the ogre but do no damage.
The ogre hits you with a +0 giant spiked club!!
Ouch! That really hurt!
* * * LOW HITPOINT WARNING * * *
Casting: Confusing Touch (safe; 1% risk of failure)
Confirm with . or Enter, or press ? or * to list all spells.
Aiming: Ensorcelled Hibernation (safe; 4% risk of failure)
Press: ? - help, Shift-Dir - straight line, f - ogre
Aim: an ogre, wielding a +0 giant spiked club (chance to confuse on hit: 59%, chance to affect: 50%)
The ogre resists with some effort.
The ogre barely misses you.
Casting: Ensorcelled Hibernation (safe; 4% risk of failure)
Confirm with . or Enter, or press ? or * to list all spells.
Aiming: Ensorcelled Hibernation (safe; 4% risk of failure)
Press: ? - help, Shift-Dir - straight line, f/p - ogre
Aim: an ogre, wielding a +0 giant spiked club (chance to confuse on hit: 59%, chance to affect: 50%)
The ogre looks drowsy...
The helpless ogre fails to defend itself.
You hit the ogre but do no damage.
The ogre hits you with a +0 giant spiked club!!
You die...

##### #######....
...........
.......@O..
...........
...........
.......#### .......
##..... #.....
#.....########
#.....#......#########


You could see an ogre.

Vanquished Creatures
  Grinder (D:3)
  Prince Ribbit (D:5)
  A black bear (D:4)
  2 ogres
  An orc warrior (D:5)
  An ice beast (D:5)
  3 centaurs
  A phantom (D:5)
  2 bullfrogs (Sewer)
  A gnoll sergeant (D:4)
  4 scorpions
  An orc priest (D:5)
  Crazy Yiuf (D:3)
  2 hounds
  3 iguanas
  An orc wizard (D:4)
  3 gnolls (D:4)
  12 adders
  6 river rats (Sewer)
  A shadow imp (D:6)
  A white imp (D:6)
  2 worms
  6 dart slugs
  12 orcs
  14 ball pythons
  10 endoplasms
  4 giant cockroaches
  6 goblins
  6 hobgoblins
  5 jackals
  3 quokkas
  5 bats
  7 frilled lizards
  10 kobolds
  23 rats
162 creatures vanquished.

Vanquished Creatures (collateral kills)
  2 giant cockroaches (D:4)
2 creatures vanquished.

Vanquished Creatures (others)
  A lurking horror (D:5)
1 creature vanquished.

Grand Total: 165 creatures vanquished

Notes
Turn   | Place    | Note
-------+----------+-------------------------------------------
     0 | D:1      | samcosmo the Kobold Enchanter began the quest for the Orb.
     0 | D:1      | Reached XP level 1. HP: 10/10 MP: 3/3
    85 | D:1      | Found a faded altar of an unknown god.
   353 | D:1      | Reached XP level 2. HP: 16/16 MP: 5/5
   356 | D:1      | Learned a level 2 spell: Ensorcelled Hibernation
  1030 | D:1      | Reached XP level 3. HP: 20/20 MP: 6/6
  1747 | D:2      | Reached skill level 1 in Fighting
  1891 | D:2      | Reached XP level 4. HP: 18/25 MP: 7/7
  1896 | D:2      | Learned a level 3 spell: Confusing Touch
  1900 | D:2      | Learned a level 3 spell: Tukima's Dance
  2733 | D:3      | Found a sparkling altar of Nemelex Xobeh.
  2815 | D:3      | Found a sacrificial altar of Ru.
  2818 | D:3      | Found a glowing silver altar of Zin.
  3154 | D:3      | Noticed an ogre
  3172 | D:3      | Killed an ogre
  3173 | D:3      | Reached skill level 5 in Stealth
  3173 | D:3      | Reached XP level 5. HP: 30/30 MP: 9/9
  3253 | D:3      | Noticed Grinder
  3266 | D:3      | Killed Grinder
  3267 | D:3      | Reached XP level 6. HP: 23/36 MP: 9/11
  3271 | D:3      | Learned a level 3 spell: Dazzling Flash
  3405 | D:3      | Found a runed translucent door.
  3420 | D:3      | Noticed Crazy Yiuf
  3426 | D:3      | Killed Crazy Yiuf
  3427 | D:3      | Reached XP level 7. HP: 40/40 MP: 4/12
  3738 | D:3      | Reached skill level 5 in Hexes
  4107 | D:4      | Found a glowing drain.
  4164 | Sewer    | Entered a sewer
  5029 | Sewer    | Reached skill level 6 in Stealth
  5041 | Sewer    | Reached XP level 8. HP: 19/46 MP: 13/13
  6283 | D:4      | Reached skill level 5 in Short Blades
  6423 | D:5      | Entered Level 5 of the Dungeon
  6858 | D:5      | HP: 1/48 [orc warrior/bolt (15)]
  7155 | D:5      | Reached skill level 7 in Stealth
  7389 | D:5      | Reached XP level 9. HP: 45/52 MP: 16/16
  7416 | D:5      | HP: 2/52 [ice beast (10)]
  7948 | D:5      | Found a staircase to the Ecumenical Temple.
  7954 | Temple   | Entered the Ecumenical Temple
  8034 | Temple   | Became a worshipper of Dithmenos the Shadowed
  8363 | D:5      | Reached skill level 5 in Spellcasting
  8753 | D:5      | Found a one-way gate to the infinite horrors of the Abyss.
  8754 | D:5      | Found a corrupted altar of Lugonu.
  8903 | D:5      | Noticed Prince Ribbit
  8906 | D:5      | Killed Prince Ribbit
  8984 | D:6      | Found a runed translucent gate.
  8984 | D:6      | Found a runed translucent gate.
  8984 | D:6      | Found a runed translucent gate.
  9050 | D:6      | Reached skill level 5 in Fighting
  9053 | D:6      | Reached skill level 8 in Stealth
  9085 | D:6      | Slain by an ogre

Illustrated notes

Levels and vault maps discovered:
D:1:      kennysheep_arrival_seaside, layout_loops_corners,
          hellmonk_ecumenical_altar_arch_garden, corexii_hall_statues_i
D:2:      layout_basic
D:3:      layout_loops_ring, nemelex_xobeh_ov_fountains_minmay,
          chequers_temple_overflow_statue_of_worship, uniq_crazy_yiuf_cottage,
          uniq_grinder
D:4:      layout_gridville, gup_sewer_entry_glass, kennysheep_generic_room_2
D:5:      minmay_angry_zag, layout_rooms, minmay_temple_entry_overgrown,
          minmay_misc_feat_tiny, amcnicky_altar_lugonu_corruption,
          uniq_prince_ribbit1
D:6:      layout_gridville, mainiacjoe_overflow_brackets, gammafunk_ghost_icy,
          dk_vineyard_3, hangedman_abyss_or_decor_stagger, minmay_manual_mares
Temple:   compressed_dpeg_triangle_lava_temple

Skill      XL: |  1  2  3  4  5  6  7  8  9 |
---------------+----------------------------+-----
Short Blades   | 2 3 4 5 6 |  6.4
Fighting       | 1 2 3 4 5 |  5.1
Stealth        | 5 6 7 8 |  8.0
Spellcasting   | 3 4 5 |  5.0
Hexes          | 4 5 6 7 |  7.8
Dodging        | |  2.4

Action                   |  1- 3 |  4- 6 |  7- 9 || total
-------------------------+-------+-------+-------++-------
Melee: Dagger            |   116 |    61 |   342 ||   519
       Punch             |     1 |       |     4 ||     5
 Cast: Ensorcelled Hiber |     2 |     2 |     7 ||    11
       Confusing Touch   |       |     1 |    12 ||    13
       Tukima's Dance    |       |       |     1 ||     1
Evoke: Wand              |       |       |     2 ||     2
  Use: Scroll            |       |     3 |    10 ||    13
       Potion            |       |     1 |     1 ||     2
 Stab: Sleeping          |    19 |     9 |    47 ||    75
       Distracted        |     1 |       |     2 ||     3
       Invisible         |       |     2 |     3 ||     5
       Confused          |       |     1 |     8 ||     9
Armor: Robe              |    17 |     5 |    55 ||    77
Dodge: Dodged            |    78 |    26 |   197 ||   301
